 Dungeon Crawl Stone Soup version 0.26-a0-1126-g3318b609a0 (webtiles) character file.

Game seed: 12825620205493615167

3450 sanka the Nimble (level 9, -3/46 HPs)
             Began as a Spriggan Abyssal Knight on Dec 17, 2020.
             Was an Elder of Lugonu.
             Slain by a killer bee (6 damage)
             ... on level 8 of the Dungeon.
             The game lasted 00:20:14 (15203 turns).

sanka the Nimble (Spriggan Abyssal Knight)         Turns: 15203, Time: 00:20:15

Health: -3/46      AC:  9    Str: 12    XL:     9   Next: 78%
Magic:  11/11      EV: 30    Int: 17    God:    Lugonu [****..]
Gold:   388        SH:  5    Dex: 16    Spells: 8/8 levels left

rFire    . . .     SeeInvis +   a - +9 dagger of Unopur {elec, Str+4 Int+4 Dex-3}
rCold    . . .     Faith    .   (shield restricted)
rNeg     . . .     Spirit   .   t - +0 steam dragon scales
rPois    +         Reflect  +   (helmet restricted)
rElec    .         Harm     .   (no cloak)
rCorr    .         Rampage  .   (gloves unavailable)
Will     +....                  (boots unavailable)
Stlth    +.........             C - amulet of reflection
HPRegen  0.15/turn              y - ring of poison resistance
MPRegen  0.12/turn              F - +4 ring of protection

@: very quick
A: very small, unfitting armour, see invisible, speed 3
a: Renounce Religion, Depart the Abyss, Bend Space, Banish, Corrupt


You were on level 8 of the Dungeon.
You worshipped Lugonu.
Lugonu was greatly pleased with you.
You visited 1 branch of the dungeon, and saw 8 of its levels.
You visited the Abyss 1 time.

You collected 388 gold pieces.


Innate Abilities, Weirdness & Mutations

You are very small and have problems with some larger weapons.
You are too small for most types of armour.
You have supernaturally acute eyesight. (SInv)
You cover ground extremely quickly.


   Skills:
 + Level 4.9 Fighting
 + Level 9.4 Short Blades
 + Level 13.9 Dodging
 - Level 1.7 Invocations


You had 8 spell levels left.
You didn't know any spells.
Your spell library was empty.

Inventory:

Hand Weapons
 a - the +9 dagger of Unopur (weapon) {elec, Str+4 Int+4 Dex-3} Occasionally, upon striking a foe, it can discharge electrical energy and cause terrible harm. It affects your strength (+4). It affects your intelligence (+4). It affects your dexterity (-3).
Missiles
 m - a throwing net {=f}
Armour
 t - +0 steam dragon scales (worn)
Jewellery
 y - a ring of poison resistance (left hand)
 C - an amulet of reflection (around neck)
 F - a +4 ring of protection (right hand)
Wands
 i - a wand of iceblast (11)
 j - a wand of polymorph (4)
Scrolls
 b - a scroll of silence {unknown}
 c - 4 scrolls of enchant weapon {unknown}
 e - 4 scrolls of teleportation {unknown}
 f - a scroll of immolation {unknown}
 k - a scroll of enchant armour {unknown}
 p - 3 scrolls of remove curse {unknown}
 r - a scroll of amnesia {unknown}
 u - 5 scrolls of identify {unknown}
 v - 6 scrolls of fog {unknown}
 x - 2 scrolls of random uselessness {unknown}
 z - 2 scrolls of noise {unknown}
 A - a scroll of magic mapping {unknown}
 D - a scroll of blinking {unknown}
Potions
 d - 2 potions of degeneration {unknown}
 g - 3 potions of curing {@q1}
 h - 2 potions of flight {unknown}
 l - a potion of magic {unknown}
 n - a potion of resistance {unknown}
 o - a potion of brilliance {unknown}
 q - 3 potions of haste {unknown}
 s - a potion of cancellation {unknown}
 w - a potion of might {unknown}
 E - 2 potions of lignification {unknown}

Dungeon Overview and Level Annotations

Branches:
Dungeon (8/15)             Temple (0/1) D:7
   Lair: D:8-11

Altars:
Ashenzari
Cheibriados
Elyvilon
Hepliaklqana
Qazlal
Sif Muna
Trog
Wu Jian
Xom

Shops:
D:5 :=?}

Annotations:
D:3 exclusion: door ..o (.▒ ▒.. ▒.▒ ▒.o ▒.▒ ▒g. ▒.▒ ▒.g ▒.▒▒▒▒▒▒ ▒gg

▒▒.▒▒...
▒.y▒▒...▒.▒▒▒▒▒▒▒▒▒
▒i....£.........▒
▒▒....▒†▒▒▒▒▒▒▒.▒
▒.▒▒.▒▒....))...▒
[.. ▒.▒▒▒▒▒▒▒▒▒..▒
▒▒▒▒ ▒.▒ ▒..▒ ▒_▒
..▒ ▒..▒ ▒▒'▒▒▒▒▒
▒..▒▒ ▒...▒ ▒....
▒...▒ ▒.▒▒▒


You could see a killer bee, an orc priest, an orc wizard and 4 gnolls.


Message History

Unknown command.
You puncture the killer bee!
The killer bee is heavily wounded.
The killer bee misses you. The killer bee misses you.
You completely miss the killer bee.
The killer bee is heavily wounded.
An orc priest comes into view. It is wielding a +0 short sword.
The killer bee stings you.
Unknown command.
You closely miss the killer bee.
The killer bee is heavily wounded.
The orc priest calls down the wrath of Beogh upon you.
Beogh smites you!
* * * LOW HITPOINT WARNING * * *
The killer bee misses you.
Unknown command.
You puncture the killer bee!
You kill the killer bee!
Lugonu accepts your kill.
Unknown command.
You hit the killer bee but do no damage.
The killer bee completely misses you.
The orc priest calls down the wrath of Beogh upon you.
Beogh smites you!
* * * LOW HITPOINT WARNING * * *
Unknown command.
You closely miss the killer bee. The killer bee stings you.
You die...

Action                   |  1- 3 |  4- 6 |  7- 9 || total
-------------------------+-------+-------+-------++-------
Melee: Short sword       |   130 |   251 |       ||   381
       Unarmed           |       |    22 |       ||    22
       Dagger            |       |   177 |   400 ||   577
       Rapier            |       |       |   251 ||   251
Evoke: Wand              |     1 |    11 |     3 ||    15
  Use: Potion            |       |     1 |     1 ||     2
 Stab: Sleeping          |     1 |     4 |     3 ||     8
       Paralysed         |       |     2 |       ||     2
       Distracted        |       |     2 |       ||     2
       Confused          |       |       |     1 ||     1
Armor: Robe              |     9 |    22 |    21 ||    52
       Skin              |       |     1 |       ||     1
       Steam dragon scal |       |       |     1 ||     1
Dodge: Dodged            |   122 |   398 |   392 ||   912
Block: Other             |       |       |    78 ||    78
       Reflection        |       |       |     4 ||     4

Levels and vault maps discovered:
D:1:      mrwooster_arrival_arrow, layout_loops_ring
D:2:      layout_basic, regret_index_temple_of_mockery, uniq_jessica
D:3:      layout_basic, led_sif_book, uniq_robin
D:4:      layout_rooms, nicolae_overflow_quartered_altars
D:5:      layout_cave_pools, serial_shops, shop_statue, nicolae_shop_stone,
          nicolae_shop_behind_doors, shop_scrolls, kennysheep_diamond
D:6:      layout_gridville
D:7:      layout_loops_corners, lemuel_coloured_pillars_altar,
          minmay_temple_entry_statues, uniq_duvessa, uniq_maggie, uniq_joseph
D:8:      layout_loops_ring, kennysheep_mini, lightli_orcish_oven

Notes
Turn   | Place    | Note
-------+----------+-------------------------------------------
     0 | Abyss:1  | sanka the Spriggan Abyssal Knight began the quest for the
                  | Orb.
     0 | Abyss:1  | Reached XP level 1. HP: 11/11 MP: 3/3
     2 | Abyss:1  | Found a corrupted altar of Lugonu.
    15 | D:1      | Escaped the Abyss
   114 | D:1      | Reached skill level 4 in Dodging
   189 | D:1      | Reached XP level 2. HP: 7/16 MP: 4/4
   531 | D:1      | Reached skill level 5 in Dodging
   660 | D:1      | Reached XP level 3. HP: 18/19 MP: 5/5
   962 | D:2      | Reached ** piety under Lugonu
  1298 | D:1      | Reached skill level 6 in Dodging
  1531 | D:2      | Noticed Jessica
  1535 | D:2      | Reached XP level 4. HP: 23/23 MP: 6/6
  1571 | D:1      | Killed Jessica
  1572 | D:1      | Reached skill level 7 in Dodging
  1616 | D:1      | HP: 1/23 [gnoll/+0 spear (5)]
  3092 | D:2      | Found a hazy altar of Hepliaklqana.
  3093 | D:2      | Found a shimmering altar of Xom.
  3094 | D:2      | Noticed a spectral ugly thing
  3568 | D:3      | Reached XP level 5. HP: 25/27 MP: 7/7
  3634 | D:3      | Reached skill level 8 in Dodging
  4160 | D:3      | Reached skill level 3 in Short Blades
  4255 | D:3      | Noticed Robin
  4463 | D:3      | Killed Robin
  4818 | D:3      | Reached skill level 4 in Short Blades
  5139 | D:3      | Reached *** piety under Lugonu
  5446 | D:3      | Found a shimmering blue altar of Sif Muna.
  5535 | D:4      | Reached XP level 6. HP: 20/32 MP: 8/8
  6456 | D:3      | Found a shimmering blue altar of Sif Muna.
  6868 | D:3      | Reached skill level 5 in Short Blades
  7666 | D:4      | Found a white marble altar of Elyvilon.
  7675 | D:4      | Found a broken altar of Ashenzari.
  7687 | D:4      | Found a snail-covered altar of Cheibriados.
  7721 | D:4      | Found a stormy altar of Qazlal.
  7822 | D:5      | Entered Level 5 of the Dungeon
  8152 | D:5      | HP: 2/32 [gnoll shaman/+0 club (7)]
  8158 | D:5      | Reached skill level 3 in Fighting
  8430 | D:5      | Reached XP level 7. HP: 20/36 MP: 9/9
  8437 | D:5      | Reached skill level 6 in Short Blades
  8592 | D:5      | Found Qotim's Magic Scroll Boutique.
  8592 | D:5      | Found Fucre's Jewellery Emporium.
  9346 | D:5      | Found Gotagouphy's Gadget Emporium.
  9500 | D:5      | Found Elis's Book Shop.
  9570 | D:5      | Found a shimmering blue altar of Sif Muna.
  9796 | D:6      | Reached skill level 7 in Short Blades
 10743 | D:6      | Reached skill level 8 in Short Blades
 10790 | D:6      | Reached **** piety under Lugonu
 11131 | D:7      | Reached XP level 8. HP: 40/40 MP: 10/10
 11160 | D:7      | Reached skill level 9 in Dodging
 11166 | D:7      | HP: 1/38 [wight/+2 trident (8)]
 11761 | D:7      | Noticed Duvessa
 11761 | D:7      | Noticed Dowan
 11847 | D:7      | Killed Duvessa
 11854 | D:7      | Reached skill level 10 in Dodging
 11860 | D:7      | HP: 2/40 [Dowan/shard of ice (20)]
 11881 | D:7      | Killed Dowan
 12204 | D:6      | Reached skill level 11 in Dodging
 13300 | D:7      | Reached skill level 12 in Dodging
 13607 | D:7      | Got a buzzing dagger
 13608 | D:7      | Identified the +9 dagger of Unopur {elec, Str+4 Int+4
                  | Dex-3} (You found it on level 7 of the Dungeon)
 13671 | D:7      | Reached XP level 9. HP: 44/44 MP: 11/11
 14078 | D:7      | Found a staircase to the Ecumenical Temple.
 14215 | D:7      | Reached skill level 13 in Dodging
 14267 | D:7      | Noticed Joseph
 14587 | D:7      | Identified +0 steam dragon scales
 14587 | D:7      | Noticed Maggie
 14599 | D:7      | Killed Maggie
 14600 | D:7      | Reached skill level 4 in Fighting
 14648 | D:7      | Found a bloodstained altar of Trog.
 14693 | D:7      | Killed Joseph
 14694 | D:7      | Reached skill level 9 in Short Blades
 15018 | D:8      | Found an ornate altar of the Wu Jian Council.
 15202 | D:8      | HP: 3/46 [orc priest/divine providence (13)]
 15203 | D:8      | Slain by a killer bee

Vanquished Creatures
  Joseph (D:7)
  Maggie (D:7)
  A wyvern (D:8)
  Duvessa (D:7)
  4 orc warriors
  A black bear (D:7)
  A sky beast (D:6)
  A centaur (D:7)
  2 ogres
  2 bullfrogs (D:6)
  Dowan (D:7)
  A scorpion (D:7)
  2 killer bees (D:8)
  5 wights
  4 howler monkeys
  5 hounds
  5 orc wizards
  5 orc priests
  A bullfrog skeleton (D:5)
  A centaur skeleton (D:7)
  A gnoll shaman (D:5)
  Jessica (D:1)
  2 iguanas
  8 worker ants
  A hound zombie (D:7)
  A worker ant zombie (D:7)
  A howler monkey zombie (D:5)
  Robin (D:3)
  12 gnolls
  6 adders
  2 white imps
  An ooze (D:3)
  3 worms
  3 dart slugs
  3 leopard geckos
  20 orcs
  A ball python (D:3)
  6 bats
  7 giant cockroaches
  19 goblins
  11 hobgoblins
  4 jackals (D:1)
  5 quokkas
  6 frilled lizards
  A jackal skeleton (D:4)
  8 kobolds
  2 quokka skeletons
  7 rats
188 creatures vanquished.
